[Event "BL 2024-25"]
[Site "Austria"]
[Date "2024.10.11"]
[Round "3.9"]
[White "Votava, Jan"]
[Black "Hacker, Jonas"]
[Result "1-0"]
[Annotator "TA"]
[ECO "E15"]
[WhiteElo "2441"]
[BlackElo "2385"]
[PlyCount "127"]
[EventDate "2024.08.28"]
[EventType "team-tourn"]
[EventCountry "AUT"]
[SourceTitle "playchess.com"]
[Source "ChessBase"]
[SourceQuality "1"]
[WhiteTeam "Mayrhofen-Zell-Ziller"]
[BlackTeam "Salzburg"]
[TimeControl "40/5400+30:1800+30"]

1. d4 Nf6 2. c4 e6 3. Nf3 b6 4. g3 Ba6 5. Qa4 Bb7 6. Bg2 c5 7. O-O cxd4 8. Nxd4 Bxg2 9. Kxg2 Qc8 10. Nc3 Qb7+ 11. f3 Be7 12. Rd1 a6 13. Be3 {[%emt 0:15:23] E15: Dame-Indisch: 4 g3 Zijvarianten, 4 g3 La6 en 4 g3 Lb7 vroege afwijkingen.} O-O {[%emt 0:03:55] Beste} 14. Qb3 {[%emt 0:04:00] OK} d6 $1 {[%emt 0:09:05] Sterk} 15. a4 {[%emt 0:01:31] OK. De stelling is in evenwicht.} Nbd7 {[%emt 0:02:13] OK} 16. Bg1 $146 {[%emt 0:11:37] Fout (0.6)} (16. Qa2 $11) ({Predecessor:} 16. Rac1 Rfc8 17. Qa2 Rc5 18. b3 d5 19. cxd5 Rxc3 20. Rxc3 Nxd5 21. Qb2 Nxc3 22. Qxc3 {½-½ Dutra,A (2406)-Korogodski,L (2285) W-Cup21 sf04 email 2017}) {Beter is} 16... Qc7 {[%emt 0:04:40] Fout (0.6)} (16... Rfc8 $15) 17. Rac1 $11 {[%emt 0:05:20] OK} Rfc8 18. Nb1 {[%emt 0:03:43] OK} Bf8 {[%emt 0:04:45] Fout (0.5)} (18... Ne5 $11) 19. Qa2 {[%emt 0:03:23] Fout (0.8)} (19. e4 $14) 19... Qb7 {[%emt 0:05:56] Onnauwkeurig} 20. Nc3 {[%emt 0:03:10] OK} g6 21. Nc2 Rc7 {[%emt 0:07:49][%cal Ob6b5] Hoopt vervolgens op ...b5! OK} 22. Ne3 {[%emt 0:02:11] [#] Fout (0.7)} (22. Na3 $15) 22... b5 $1 $17 {[%emt 0:05:27][%mdl 512] OK} 23. a5 {[%emt 0:04:35] OK} Ne5 {[%emt 0:06:43] OK} 24. cxb5 {[%emt 0:01:16] OK} axb5 {[%emt 0:00:25] ...b4 is de sterke dreiging.} 25. b4 {[%emt 0:03:02] Beste} d5 {[%emt 0:02:31][%cal Oc7d7] OK} 26. Qb2 {[%emt 0:00:02][%cal Oc3d5] Sterke dreiging met Ncxd5!} {Zwart zou moeten spelen} Nc4 {[%emt 0:01:14] Fout (1.0)} (26... Nfd7 $17) 27. Nxc4 $11 {[%emt 0:00:46] Beste (Gemakkelijk)} bxc4 28. Na4 Qxb4 {[%emt 0:02:46] blijft gelijk. Fout (1.0)} (28... Nd7 $1 $11) 29. Qxf6 $16 {[%emt 0:00:32] Beste (Gemakkelijk)} Bg7 {[%emt 0:00:36] Stopt Bd4. Onnauwkeurig} ({En niet} 29... Qxa4 30. Bd4 e5 31. Bxe5 Rxa5 32. Qh8#) 30. Qf4 {[%emt 0:00:17] OK} e5 {[%emt 0:00:23] Beste} 31. Qd2 {[%emt 0:00:27] OK} Qxa4 {[%emt 0:00:35] OK} 32. Qxd5 {[%emt 0:00:03] OK} Rcc8 {[%emt 0:00:34][%cal Ra8a5] [#] OK} (32... Rxa5 $2 {te hebberig.} 33. Qd8+ Bf8 34. Qxc7 $18) (32... Qxa5 33. Qxa5 Rxa5 34. Bb6 $18) 33. Bb6 {[%emt 0:00:40] OK} h5 {[%emt 0:00:31] [#] Onnauwkeurig} ({Maar niet} 33... c3 $2 34. Rxc3 e4 35. Rc7 $18 (35. Qxe4 $2 {verliest.} Qxd1 36. Rxc8+ Rxc8 $19) (35. Rxc8+ Rxc8 36. fxe4 Re8 $18)) {Wit zou moeten spelen} 34. Ra1 {[%emt 0:01:00] Wit is actiever. Fout (1.0)} (34. Rd2 $1 $16 ) 34... Qb3 $14 {[%emt 0:00:24][%cal Oe5e4] OK} 35. Rab1 {[%emt 0:00:31] Onnauwkeurig} Qc2 36. Qd2 {[%emt 0:00:24] OK} Qa4 {[%emt 0:00:29] Wit moet nu ...c3 voorkomen. OK} 37. Qd7 Qc2 {[%emt 0:00:02] OK} 38. Qd2 {[%emt 0:00:10] OK} Qa4 {[%emt 0:00:16] Dreigt te winnen met ...c3. OK} 39. Rb4 {[%emt 0:00:56] OK} Qa3 {[%emt 0:01:10] En nu zou ...c3 winnen. OK} 40. Qb2 $36 {[%emt 0:00:26][%mdl 2048] Wit vecht voor een voordeel. OK} Qxb2 {[%emt 0:00:35] OK} 41. Rxb2 e4 $1 {[%emt 0:01:16] Sterk} 42. Rc2 {[%emt 0:00:00] OK} exf3+ {[%emt 0:03:46] OK} 43. Kxf3 Bf6 44. Rd5 Rc6 {[%emt 0:04:50] Houdt de partij in balans. Fout (1.2)} (44... c3 $11) 45. e4 $16 {[%emt 0:00:00] Zwart is aan het verliezen. Beste (Gemakkelijk)} Ba1 46. Ke3 c3 {[%emt 0:03:13] Fout (0.6)} (46... Rac8 $16) 47. Kd3 Bb2 48. Bd4 Rca6 {[%emt 0:00:25] was nodig. Fout (0.9)} (48... Kf8 $16 49. Bxc3 Bxc3) 49. Bb6 $18 {[%emt 0:00:14] Beste (Gemakkelijk)} ({Zwakker is} 49. Bxc3 Bxc3 50. Rxc3 Rxa5 $11) 49... Rb8 50. Bd4 {[%emt 0:01:15] Onnauwkeurig} Rba8 {[%emt 0:00:21] is een betere verdediging. Fout (0.5)} (50... Kf8 $16 51. Bxc3 Bxc3 52. Rxc3 (52. Kxc3 Rc6+ 53. Kd2 Rf6 $16) 52... Rb1) 51. Bb6 {[%emt 0:00:20] Beste (Gemakkelijk)} (51. Bxc3 Bxc3 52. Rxc3 Rxa5 $11) 51... Rb8 52. Rf2 {[%emt 0:02:41] OK} Raa8 $2 {[%emt 0:01:34] was hoogst noodzakelijk. Fout (1.6)} (52... Raxb6 53. axb6 Rxb6 54. Rd8+ Kg7) 53. Rd7 {[%emt 0:00:37] OK} Rf8 {[%emt 0:00:13] OK} 54. Kc2 {[%emt 0:00:37] OK} Rac8 {[%emt 0:00:33] Wellicht de voorkeur. Fout (2.0)} (54... Ba3 55. Kxc3 Rfe8) 55. a6 {[%emt 0:00:34] OK} Rc6 56. Rb7 Ra8 57. Bd4 (57. Rfxf7 Rxb6 58. a7 Ba3 $14) 57... Rd6 58. Bc5 (58. Bxc3 Bxc3 59. Kxc3 Rc8+ 60. Kb3 Rxa6 $14) 58... Rc6 59. Be3 {[%emt 0:00:29][%cal Rf2f7] OK} Rcxa6 {[%emt 0:00:45] Onnauwkeurig} 60. Rfxf7 {[%emt 0:00:15] OK. Wit zet mat.} g5 61. Rg7+ ({Minder sterk is} 61. Bxg5 Rg6 $16) 61... Kh8 62. Rh7+ Kg8 63. Rbg7+ Kf8 64. Bc5+ {[%emt 0:00:54] Blunder waarde: Wit=0.23 (precies) /Zwart=0.43.  Fout:        	Wit=4      	Zwart=10     Onnauwkeurig:    	Wit=2      	Zwart=4      OK:         	Wit=22     	Zwart=15     Beste:        	Wit=6      	Zwart=2      Sterk:        	---       	Zwart=2} 1-0

[Event "BL 2024-25"]
[Site "Austria"]
[Date "2024.10.11"]
[Round "3.10"]
[White "Goldbeck, Lars"]
[Black "Maiwald, Jens-Uwe"]
[Result "1-0"]
[Annotator "TA"]
[ECO "A49"]
[WhiteElo "2372"]
[BlackElo "2429"]
[PlyCount "71"]
[EventDate "2024.08.28"]
[EventType "team-tourn"]
[EventCountry "AUT"]
[SourceTitle "playchess.com"]
[Source "ChessBase"]
[SourceQuality "1"]
[WhiteTeam "Salzburg"]
[BlackTeam "Mayrhofen-Zell-Ziller"]
[TimeControl "40/5400+30:1800+30"]

1. d4 Nf6 2. Nf3 d6 3. g3 g6 4. Bg2 Bg7 5. O-O O-O 6. a4 Na6 7. Re1 {[%emt 0:09:06] A49: 1 d4 Pf6 2 Pf3 g6 3 g3: Anti-Konings-Indisch Systemen.} c5 {[%emt 0:00:20] OK} 8. d5 e6 {[%emt 0:09:37] OK} 9. dxe6 {[%emt 0:07:00] OK. Wit staat iets beter.} Bxe6 10. Ng5 {[%emt 0:07:19][%cal Og5e6] Nxe6! is de sterke dreiging. OK} d5 $1 {[%emt 0:05:45] Sterk} 11. Nc3 $146 ({Predecessor:} 11. c4 Nb4 12. Nxe6 fxe6 13. Nc3 d4 14. Ne4 Nxe4 15. Bxe4 Rf7 16. a5 Qd6 17. Ra3 {½-½ Tramacere,S (2071)-Koehl,R (2200) FRA AJEC 80 jub op Gr-36 email 2017}) 11... Nb4 {[%emt 0:03:54] OK} 12. Nxe6 {[%emt 0:01:23] Onnauwkeurig} fxe6 13. Bh3 {[%emt 0:05:58] Onnauwkeurig} d4 {[%emt 0:11:36] Fout (0.6)} (13... Kh8) 14. Bxe6+ {[%emt 0:07:02] Fout (0.5)} (14. Na2) 14... Kh8 $11 {[%emt 0:00:07] Beste (Gemakkelijk)} 15. Nb5 {[%emt 0:00:20] Houdt de partij in balans. Fout (1.3)} (15. Na2 $1 $11) 15... a6 $17 {[%emt 0:03:07][%mdl 1024] Zwart heeft sterke compensatie. OK} 16. Na3 {[%emt 0:00:09] OK} Ne4 {[%emt 0:01:52] Beste (Gemakkelijk)} 17. f4 {[%emt 0:06:57] OK} b5 {[%emt 0:05:55] Ontwijkt Nc4. OK} 18. Bg4 {[%emt 0:02:47] is een betere verdediging. Fout (0.6)} (18. e3 $17 d3 (18... bxa4 19. exd4 Bxd4+ 20. Kg2 $16) 19. c3) {Beter is} 18... Qb6 {[%emt 0:01:15] Fout (1.5)} ({En niet} 18... bxa4 19. Nc4 $11) (18... c4 $19 {met als doel voor ...Qe7.} 19. Bf3 Qe7) 19. Bf3 Rfe8 {[%emt 0:03:15] Onnauwkeurig} 20. axb5 $1 {[%emt 0:06:20] Sterk} Rad8 {[%emt 0:15:15] OK} {Wit zou moeten spelen} 21. bxa6 {[%emt 0:08:47] Fout (0.7)} (21. Nc4 $16 Qxb5 22. Na3) 21... Qxa6 $11 22. Bd2 Nc3 {[%emt 0:04:47] OK} 23. bxc3 {[%emt 0:06:56] was de enige mogelijkheid om het evenwicht te handhaven. Fout (1.3)} (23. Qc1 $1 $11) 23... dxc3 $17 24. Bxc3 {[%emt 0:00:03] was nodig. Fout (0.5)} Bxc3 $19 25. Qc1 {[%emt 0:00:03][%cal Oe2e4] OK} Rd2 {[%emt 0:02:13] Fout (0.8)} (25... Nc6 $1 $19 {[%cal Rc6d4] En nu zou ...Nd4 winnen.} 26. Kf1 Nd4) 26. Qb1 {[%emt 0:04:58] Onnauwkeurig} c4 {[%emt 0:02:36][%cal Oe8e3] Tegen Qb3. OK} 27. Rd1 $2 {[%emt 0:01:20][%mdl 8192] is weerbarstiger. Verliest partij (3.8)} (27. Kf1 $17) {Zwart zou moeten spelen} 27... Red8 $2 {[%emt 0:02:37] Gemiste overwinning (5.4)} (27... Rxd1+ 28. Qxd1 Rc8 29. h4 $15 (29. Bg4 Re8 $11)) (27... Rdxe2 $19 {( -> ...Qa7+)} 28. Bxe2 Rxe2 29. Rd8+ Kg7 30. Nxc4 (30. Rd7+ $2 Kf6 $19) 30... Qxc4 (30... Qxa1 $2 31. Rd7+ Kf6 32. Qxa1 $19) 31. Rd7+ Kh6) 28. Rxd2 $11 {[%emt 0:00:16] Beste (Gemakkelijk)} Rxd2 {[%emt 0:00:13] [#]} 29. Nxc4 {[%emt 0:00:27] houdt voorsprong. Fout (1.1)} Qxc4 $17 (29... Qxa1 30. Qxa1 (30. Nxd2 Qa7+ 31. Kg2 Bxd2 $11) 30... Bxa1 31. Nxd2 $18) 30. Ra8+ {[%emt 0:00:01][%cal Ba1a8,Ba8e8,Be8e5][%mdl 32] EV=34.55. Goes to e5 (dbg)). Beste} Kg7 {[%emt 0:00:08][%cal Rd2c2] Beste (Gemakkelijk)} 31. Qb3 {[%emt 0:00:52] OK} {Zwart kan overwegen.} Qc5+ {[%emt 0:04:11] Fout (1.1)} (31... Bd4+ $17 32. Kh1 Rxc2 33. Qxc4 Rxc4) 32. Kg2 $11 {[%emt 0:01:05] Zwart moet nu Qg8+ voorkomen. Dansen op een scheermes. Beste (Gemakkelijk)} Qe3 $2 {[%emt 0:02:59][%mdl 8192] Verliest partij (11.9)} (32... Rxc2 $2 {vergaat.} 33. Qg8+ Kh6 34. g4 $18) (32... Nd5 $11) 33. Qg8+ $18 {[%emt 0:01:15] Beste} Kh6 {[%emt 0:00:02] [#] Beste} 34. Re8 $1 ({Zwakker is} 34. Qf8+ Bg7 35. Qxb4 Rxe2+ 36. Bxe2 Qxe2+ 37. Kg1 Qd1+ 38. Kf2 Bd4+ 39. Kg2 Qxc2+ 40. Kh3 Qf5+ 41. Kg2 Qd5+ 42. Kh3 Qh5+ 43. Kg2 Qe2+ 44. Kh3 Qh5+ 45. Kg2 Qe2+ 46. Kh3 Qf1+ 47. Kg4 (47. Kh4 $2 Bf6+ 48. Kg4 Qe2+ 49. Kh3 Qh5+ 50. Kg2 Qd5+ 51. Kh3 Qxa8 $19) 47... Qd1+ 48. Kh3 Qh5+ $11) 34... Qc5 35. g4 Bf6 {[%emt 0:00:01] [#]} 36. Re5 $1 {[%emt 0:00:25][%mdl 512] Wat een nare droom voor Zwart.   Blunder waarde: Wit=0.40/Zwart=0.96.  Verliest partij:   	Wit=1      	Zwart=1      Gemiste overwinning: 	---       	Zwart=1      Fout:        	Wit=7      	Zwart=4      Onnauwkeurig:    	Wit=3      	Zwart=1      OK:         	Wit=6      	Zwart=8      Beste:        	Wit=4      	Zwart=4      Sterk:        	Wit=1      	Zwart=1} 1-0

[Event "BL 2024-25"]
[Site "Austria"]
[Date "2024.10.11"]
[Round "3.11"]
[White "Platzgummer, Fabian"]
[Black "Hinterreiter, Markus"]
[Result "1/2-1/2"]
[Annotator "RC"]
[ECO "A49"]
[WhiteElo "2301"]
[BlackElo "2269"]
[PlyCount "71"]
[EventDate "2024.08.28"]
[EventType "team-tourn"]
[EventCountry "AUT"]
[SourceTitle "playchess.com"]
[Source "ChessBase"]
[SourceQuality "1"]
[WhiteTeam "Mayrhofen-Zell-Ziller"]
[BlackTeam "Salzburg"]
[TimeControl "40/5400+30:1800+30"]

1. Nf3 d5 2. g3 g6 3. d4 Bg7 4. Bg2 c6 5. O-O Nf6 6. b3 O-O 7. c4 dxc4 8. bxc4 c5 9. Bb2 cxd4 10. Nxd4 Qb6 11. Qc2 Bd7 12. Rd1 Nc6 13. c5 Nxd4 14. Bxd4 Qc7 15. Nd2 Bc6 16. Nf3 Rfd8 17. Rac1 Ne8 18. Bxg7 Kxg7 19. Qc4 h6 20. h4 Nf6 21. a3 Rac8 22. Qc3 Rxd1+ 23. Rxd1 Be4 24. Rc1 b6 25. Qe3 bxc5 26. g4 Bxf3 27. Bxf3 Qd6 28. Rc4 Nd5 29. Qc1 Nb6 30. Re4 c4 31. h5 c3 32. e3 g5 33. Rd4 Qe6 34. Qc2 Nd7 35. Bd5 Qf6 36. Bxf7 1/2-1/2

[Event "BL 2024-25"]
[Site "Austria"]
[Date "2024.10.11"]
[Round "3.12"]
[White "Weber, Samuel"]
[Black "Tabernig, Bernhard"]
[Result "*"]
[Annotator "RC"]
[ECO "C00"]
[WhiteElo "2256"]
[BlackElo "2256"]
[PlyCount "65"]
[EventDate "2024.08.28"]
[EventType "team-tourn"]
[EventCountry "AUT"]
[SourceTitle "playchess.com"]
[Source "ChessBase"]
[SourceQuality "1"]
[WhiteTeam "Salzburg"]
[BlackTeam "Mayrhofen-Zell-Ziller"]
[TimeControl "40/5400+30:1800+30"]

1. e4 e6 2. d3 d5 3. Nd2 b6 4. Ngf3 Nf6 5. e5 Nfd7 6. d4 Be7 7. c3 a5 8. h4 Ba6 9. Bxa6 Nxa6 10. Nf1 h6 11. Ng3 c5 12. Qe2 Qc7 13. Bf4 c4 14. a4 Qc6 15. Nd2 Nc7 16. Qg4 g6 17. Ne2 b5 18. axb5 Qxb5 19. Ra2 a4 20. O-O Nb6 21. Be3 Kd7 22. h5 Rag8 23. hxg6 fxg6 24. Nf4 h5 25. Qd1 Kc8 26. Qc2 Qe8 27. Rfa1 g5 28. Nh3 g4 29. Nf4 h4 30. Rxa4 Nxa4 31. Rxa4 Bg5 32. b3 Bxf4 33. Bxf4 *

[Event "BL 2024-25"]
[Site "Austria"]
[Date "2024.10.11"]
[Round "3.13"]
[White "Gupta, Abhijeet"]
[Black "Kozak, Adam"]
[Result "1/2-1/2"]
[Annotator "TA"]
[ECO "D36"]
[WhiteElo "2573"]
[BlackElo "2600"]
[PlyCount "100"]
[EventDate "2024.08.28"]
[EventType "team-tourn"]
[EventCountry "AUT"]
[SourceTitle "playchess.com"]
[Source "ChessBase"]
[SourceQuality "1"]
[WhiteTeam "Wien-St Veit"]
[BlackTeam "Fuerstenfeld-Hartberg"]
[TimeControl "40/5400+30:1800+30"]

1. d4 Nf6 2. c4 e6 3. Nf3 d5 4. Nc3 Nbd7 5. Qc2 c6 6. cxd5 exd5 7. Bg5 Be7 8. e3 Nh5 9. Bxe7 Qxe7 10. h3 g6 11. O-O-O Nb6 12. Bd3 {[%emt 0:00:27] The position is equal.} Be6 13. Kb1 O-O-O 14. Na4 Kb8 15. Rc1 Ng7 16. Qb3 Nxa4 17. Qxa4 Bf5 18. Rhd1 f6 19. Ka1 Rc8 20. Bf1 Bd7 21. Rc3 Rc7 22. Ra3 b6 $1 23. Rc3 Nf5 24. Qc2 Nd6 {[%emt 0:01:17] Strongly threatening ...Ne4.} 25. Bd3 g5 26. Rc1 h6 27. Nd2 Rhc8 28. a3 c5 29. dxc5 Rxc5 30. Rxc5 Rxc5 31. Qb1 Ne4 32. Bxe4 Rxc1 33. Qxc1 dxe4 $11 {[%emt 0:00:10][%mdl 4096] Endgame. KQB-KQN} 34. Qc3 Qd6 35. b4 (35. Nxe4 $2 {too greedy.} Qd1+ 36. Ka2 Qd5+ 37. b3 Qxe4 $19) 35... f5 36. Kb2 Be6 37. Kc2 Kb7 38. Kb2 Kb8 39. g3 Kb7 40. h4 gxh4 41. gxh4 Qd8 42. b5 Qd5 43. a4 a6 44. Qg7+ Bd7 45. Nb3 axb5 46. axb5 Qxb5 47. Qxh6 Qe2+ 48. Ka3 Qa6+ 49. Kb2 Qe2+ 50. Ka3 Qa6+ {[%emt 0:00:00] An interesting draw.   Weighted Error Value: White=0.03 (flawless) /Black=0.03 (flawless) .  Inaccurate:     	---       	Black=1      OK:         	White=18    	Black=11     Strong:       	---       	Black=1} 1/2-1/2

[Event "BL 2024-25"]
[Site "Austria"]
[Date "2024.10.11"]
[Round "3.14"]
[White "Berkes, Ferenc"]
[Black "Solodovnichenko, Yuri"]
[Result "1/2-1/2"]
[Annotator "TA"]
[ECO "D27"]
[WhiteElo "2604"]
[BlackElo "2497"]
[PlyCount "57"]
[EventDate "2024.08.28"]
[EventType "team-tourn"]
[EventCountry "AUT"]
[SourceTitle "playchess.com"]
[Source "ChessBase"]
[SourceQuality "1"]
[WhiteTeam "Fuerstenfeld-Hartberg"]
[BlackTeam "Wien-St Veit"]
[TimeControl "40/5400+30:1800+30"]

1. d4 d5 2. Nf3 Nf6 3. c4 dxc4 4. e3 e6 5. Bxc4 c5 6. O-O a6 7. Be2 b6 8. b3 cxd4 9. Nxd4 Bb7 10. Bb2 Be7 11. Nd2 O-O 12. Rc1 Ra7 13. Bf3 Bxf3 14. N2xf3 Rc7 15. Qe2 Bd6 16. e4 {[%emt 0:06:54] [#] Strongly threatening e5.} Rxc1 17. Rxc1 {[%emt 0:00:15] And now e5 would win.} Bc5 18. a3 a5 19. h3 Qe7 20. Nb5 Nc6 21. Ne1 e5 22. Nf3 Rd8 23. b4 axb4 24. axb4 Nxb4 25. Nxe5 Qe8 26. Nc7 Qe7 ({Black should try} 26... Qa4 $11) 27. Nb5 (27. Na6 $1 $14 Nxe4 (27... Nxa6 28. Nc6 $14) 28. Nxc5 Nxc5 29. Qg4) 27... Qe8 (27... Nd7 $11 28. Nf3 Nf6 29. Ne5) 28. Nc7 $14 Qe7 29. Nb5 {[%emt 0:00:11] Weighted Error Value: White=0.10 (very precise) /Black=0.08 (flawless) .  Mistake:       	White=2     	Black=2      Inaccurate:     	White=1     	Black=1      OK:         	White=9     	Black=10     Best:        	---       	Black=1} (29. Na6 $1 $14 Nxa6 30. Nc6 Qxe4 31. Qxe4 (31. Qxa6 $2 {too greedy.} Qxc6 32. Qe2 Qe4 $19) 31... Nxe4 32. Nxd8) 1/2-1/2

[Event "BL 2024-25"]
[Site "Austria"]
[Date "2024.10.11"]
[Round "3.15"]
[White "Koellner, Ruben Gideon"]
[Black "Samunenkov, Ihor"]
[Result "1/2-1/2"]
[Annotator "TA"]
[ECO "B13"]
[WhiteElo "2480"]
[BlackElo "2533"]
[PlyCount "94"]
[EventDate "2024.08.28"]
[EventType "team-tourn"]
[EventCountry "AUT"]
[SourceTitle "playchess.com"]
[Source "ChessBase"]
[SourceQuality "1"]
[WhiteTeam "Wien-St Veit"]
[BlackTeam "Fuerstenfeld-Hartberg"]
[TimeControl "40/5400+30:1800+30"]

1. d4 d5 2. Nf3 c5 3. e3 cxd4 4. exd4 Nc6 5. Nbd2 Bf5 6. Bb5 {[%emt 0:00:32] B13: Caro-Kann: Exchange Variation and Panov-Botvinnik Attack.} e6 7. c4 $146 ({Predecessor:} 7. O-O Bd6 8. c3 h6 9. Ne5 Nge7 10. Qe2 O-O 11. f4 a6 12. Bd3 Bxd3 13. Qxd3 {0-1 Aguilera Lopez,A (2198)-Tejedor Fuente,E (2428) Lorca op 7th 2018 (6)}) 7... Nge7 8. c5 a6 9. Ba4 g6 10. Ne5 h5 11. Qb3 Qc8 12. Ndf3 Bg7 13. Bf4 O-O 14. O-O Be4 15. Nxc6 (15. Rad1 $14) 15... Nxc6 16. Bd6 Rd8 17. Bxc6 bxc6 18. Ne5 f6 19. f3 Bf5 20. Nd3 g5 21. h4 gxh4 22. Nf4 Bh6 23. Nxh5 Kf7 24. g4 hxg3 25. Nxg3 Bh3 26. Rfe1 $2 (26. Rf2 $11 Rxd6 27. Rh2 (27. cxd6 Bf4 $15)) 26... Bg5 $2 (26... Rxd6 $1 $19 27. cxd6 Bf4) 27. Kf2 $11 Bh4 28. Rg1 (28. Rh1 $11 e5 29. Rh2 (29. dxe5 $2 {is the wrong capture.} Bxg3+ 30. Kxg3 Rg8+ 31. Kf2 Rg2+ 32. Ke1 Qh8 $19)) 28... a5 (28... Rg8 $15) 29. Qd3 (29. Rh1 $11 e5 30. Rag1 (30. dxe5 $2 {loses.} Bxg3+ 31. Kxg3 Rg8+ 32. Kf2 Rg2+ 33. Ke1 Qh8 $19)) 29... Bf5 $15 30. Qe2 Rh8 31. Rh1 Qd7 (31... Qb7 $1 $17 {...Rag8 would now be deadly.} 32. Qd2 Rag8) 32. Rh2 {[%emt 0:03:42] [#]} (32. Rae1 $15 {is superior.}) 32... e5 $1 $17 33. Rah1 Bxg3+ 34. Kxg3 Rag8+ 35. Kf2 Rxh2+ 36. Rxh2 exd4 37. Qd2 d3 38. Rh1 a4 39. Re1 Re8 40. Rxe8 Qxe8 41. Qe1 Qh8 42. Qe7+ Kg6 43. Bg3 d4 44. a3 Qg8 45. Bh4 Qh8 46. Bg3 {[%emt 0:00:00] [#]} Kg5 (46... Qc8 $1 $17 47. Bd6 Be6) 47. Qd6 $11 Kg6 1/2-1/2

[Event "BL 2024-25"]
[Site "Austria"]
[Date "2024.10.11"]
[Round "3.16"]
[White "Korpa, Bence"]
[Black "Antoniewski, Rafal"]
[Result "1/2-1/2"]
[Annotator "TA"]
[ECO "A05"]
[WhiteElo "2550"]
[BlackElo "2443"]
[PlyCount "77"]
[EventDate "2024.08.28"]
[EventType "team-tourn"]
[EventCountry "AUT"]
[SourceTitle "playchess.com"]
[Source "ChessBase"]
[SourceQuality "1"]
[WhiteTeam "Fuerstenfeld-Hartberg"]
[BlackTeam "Wien-St Veit"]
[TimeControl "40/5400+30:1800+30"]

1. Nf3 Nf6 2. e3 g6 3. b4 Bg7 4. Bb2 b6 5. Be2 Bb7 6. O-O O-O 7. c4 c5 8. a3 Qc7 9. d4 d6 10. bxc5 bxc5 11. d5 e6 12. Nc3 {[%emt 0:02:12] Black must now prevent dxe6.} (12. dxe6 {with more complications.} fxe6 13. Ng5 Qe7 14. Nd2) 12... exd5 13. cxd5 ({Reject} 13. Nxd5 Nxd5 14. Bxg7 Nxe3 $17) 13... Nbd7 14. Rb1 a6 15. e4 Nb6 16. Ba1 Nfd7 17. a4 Rab8 18. a5 Nc8 19. Qa4 Ne7 20. Bc4 {[%emt 0:07:04] White is more active.} Bc8 21. Rxb8 Nxb8 22. Ne2 Bd7 {[%emt 0:03:34] [#]} 23. Qa2 Bxa1 24. Qxa1 (24. Rxa1 $16 Bb5 25. Bxb5 axb5 26. a6) 24... Bb5 $1 $14 {[%emt 0:00:28] [#]} 25. Nd2 Nd7 26. Rb1 ({White should try} 26. f4 $16) 26... Rb8 $11 27. Nc3 Bxc4 28. Rxb8+ Qxb8 29. Nxc4 Qb4 $1 30. Nxd6 c4 31. Ne8 Qb8 $1 32. d6 $1 Qxe8 33. dxe7 Qxe7 {[%emt 0:00:07][%mdl 4096] Endgame. KQN-KQN} 34. Qa4 Qe5 35. Qxc4 Qxa5 {[%emt 0:00:05] Hoping for ...Qa1+.} 36. h3 Qc5 37. Qd3 Nf6 (37... a5 $5) 38. Nd5 Nxd5 39. exd5 {[%emt 0:00:08] White really could win this.   Weighted Error Value: White=0.08 (flawless) /Black=0.08 (flawless) .  Mistake:       	White=2     	---        Inaccurate:     	White=2     	Black=4      OK:         	White=14    	Black=11     Best:        	White=2     	Black=2      Strong:       	White=1     	Black=3} 1/2-1/2

[Event "BL 2024-25"]
[Site "Austria"]
[Date "2024.10.11"]
[Round "3.17"]
[White "Kuegel, Tobias"]
[Black "Gschnitzer, Adrian"]
[Result "1/2-1/2"]
[Annotator "TA"]
[ECO "B53"]
[WhiteElo "2428"]
[BlackElo "2449"]
[PlyCount "52"]
[EventDate "2024.08.28"]
[EventType "team-tourn"]
[EventCountry "AUT"]
[SourceTitle "playchess.com"]
[Source "ChessBase"]
[SourceQuality "1"]
[WhiteTeam "Wien-St Veit"]
[BlackTeam "Fuerstenfeld-Hartberg"]
[TimeControl "40/5400+30:1800+30"]

1. e4 c5 2. Nf3 d6 3. d4 cxd4 4. Qxd4 Nc6 5. Bb5 Bd7 6. Bxc6 Bxc6 7. Nc3 Nf6 8. Bg5 e6 9. O-O-O Be7 10. Rhe1 O-O 11. e5 {[%emt 0:00:36] The position is equal.} dxe5 12. Nxe5 Qxd4 13. Rxd4 Rfc8 14. Nxc6 Rxc6 15. Ne4 e5 16. Rd3 Nxe4 17. Bxe7 Nxf2 18. Rd2 Re6 19. Bd6 Rd8 20. Bxe5 Rxd2 21. Kxd2 $11 {[%emt 0:04:51][%mdl 4096] Endgame. KRB-KRN} f6 22. Bd4 Ne4+ $1 23. Kd3 Nc5+ 24. Kd2 $1 Ne4+ 25. Kd3 Nc5+ 26. Kd2 $1 Ne4+ {[%emt 0:00:30] A rather calm draw.   Weighted Error Value: White=0.00 (flawless) /Black=0.00 (flawless) .  OK:         	White=8     	Black=9      Best:        	---       	Black=1      Strong:       	White=2     	Black=1} 1/2-1/2

[Event "BL 2024-25"]
[Site "Austria"]
[Date "2024.10.11"]
[Round "3.18"]
[White "Schernthaner, David"]
[Black "Schachinger, Mario"]
[Result "1/2-1/2"]
[Annotator "TA"]
[ECO "C95"]
[WhiteElo "2389"]
[BlackElo "2385"]
[PlyCount "62"]
[EventDate "2024.08.28"]
[EventType "team-tourn"]
[EventCountry "AUT"]
[SourceTitle "playchess.com"]
[Source "ChessBase"]
[SourceQuality "1"]
[WhiteTeam "Fuerstenfeld-Hartberg"]
[BlackTeam "Wien-St Veit"]
[TimeControl "40/5400+30:1800+30"]

1. e4 e5 2. Nf3 Nc6 3. Bb5 a6 4. Ba4 Nf6 5. O-O Be7 6. Re1 b5 7. Bb3 d6 8. c3 O-O 9. h3 Nb8 10. d4 Nbd7 11. Nbd2 Bb7 12. Bc2 Re8 13. Nf1 Bf8 14. Ng3 g6 15. a4 Bg7 16. Bd3 c6 17. b3 Qc7 {[%emt 0:17:21] Die Stellung ist ausgeglichen.} 18. Bb2 Rad8 19. Qc2 $1 d5 20. dxe5 Nxe4 (20... dxe4 {mit weiteren Verwicklungen.} 21. Nxe4 Nxe4 22. Bxe4 Nxe5 23. c4 Nxf3+ 24. Bxf3 Bxb2 25. Qxb2 c5) 21. Nxe4 dxe4 22. Bxe4 Nxe5 23. c4 Nxf3+ 24. Bxf3 {[%emt 0:00:20] [#] Und Bxg7 würde nun gewinnen.} Bxb2 25. Qxb2 c5 26. Bxb7 Qxb7 27. axb5 axb5 28. cxb5 Qxb5 29. Rxe8+ Rxe8 $11 {[%emt 0:00:52] KQR-KQR} 30. Rc1 Qb4 31. Qc3 Qxc3 {[%emt 0:00:50] Ein interessantes Remis.   Gewichteter Fehlerwert: Weiß=0.05 (makellos) /Schwarz=0.04 (makellos) .  Ungenau:       	Weiß=1     	---        OK:         	Weiß=5     	Schwarz=4     Stark:        	Weiß=1     	---} 1/2-1/2